 Dungeon Crawl Stone Soup version 0.27.1 (webtiles) character file.

Game seed: 2141157601893065168

8420 Kinoniko the Severer (level 11, -2/89 HPs)
             Began as a Hill Orc Berserker on Sept 3, 2021.
             Was a High Priest of Trog.
             Slain by an 18-headed hydra (3 damage)
             ... on level 10 of the Dungeon.
             The game lasted 00:13:07 (12753 turns).

Kinoniko the Severer (Hill Orc Berserker)          Turns: 12753, Time: 00:13:08

Health: -2/89      AC: 21    Str: 24    XL:     11   Next: 30%
Magic:  11/11      EV:  8    Int:  7    God:    Trog [*****.]
Gold:   672        SH:  0    Dex: 16    Spells: 10/10 levels left

rFire    . . .     SeeInvis .   o - +3 hand axe (venom)
rCold    + . .     Faith    +   (no shield)
rNeg     . . .     Spirit   .   q - +0 plate armour
rPois    .         Reflect  .   l - +0 helmet
rElec    .         Harm     .   s - +0 cloak
rCorr    .         Rampage  .   (no gloves)
Will     .....                  f - +2 pair of boots
Stlth    ..........             D - amulet of faith
HPRegen  0.24/turn              n - +6 ring of dexterity
MPRegen  0.12/turn              C - ring of protection from cold

@: on berserk cooldown, slowed, very slow
A: no striking features
a: Renounce Religion, Berserk, Trog's Hand, Brothers in Arms


You were on level 10 of the Dungeon.
You worshipped Trog.
Trog was extremely pleased with you.
You visited 2 branches of the dungeon, and saw 11 of its levels.
You also visited: Ossuary.

You collected 752 gold pieces.
You spent 80 gold pieces at shops.

Inventory:

Hand Weapons
 a - a +0 hand axe of draining
 o - a +3 hand axe of venom (weapon)
 G - a +1 antimagic war axe
Missiles
 b - 7 throwing nets (quivered)
Armour
 f - a +2 pair of boots (worn)
 l - a +0 helmet (worn)
 q - a +0 plate armour (worn)
 s - a +0 cloak (worn)
Jewellery
 n - a +6 ring of dexterity (left hand)
 z - an amulet of guardian spirit
 C - a ring of protection from cold (right hand)
 D - an amulet of faith (around neck)
Wands
 c - a wand of polymorph (19)
 k - a wand of iceblast (15)
 r - a wand of acid (7)
 E - a wand of paralysis (8)
Scrolls
 h - 3 scrolls of fog
 j - 4 scrolls of teleportation
 y - a scroll of silence
 F - a scroll of vulnerability
 I - a scroll of blinking
Potions
 d - 3 potions of ambrosia
 e - 2 potions of lignification {unknown}
 g - 3 potions of flight {unknown}
 i - 3 potions of berserk rage {unknown}
 m - 2 potions of brilliance {unknown}
 p - 3 potions of attraction
 t - 7 potions of curing
 u - 2 potions of cancellation {unknown}
 v - 6 potions of heal wounds
 w - 2 potions of degeneration {unknown}
 x - 3 potions of haste {unknown}
 A - a potion of invisibility {unknown}
 B - a potion of might


   Skills:
 * Level 6.0 Fighting
 - Level 16.5 Axes
 + Level 10.9 Armour
 + Level 2.7 Dodging


You had 10 spell levels left.
You didn't know any spells.
Your spell library was empty.

Dungeon Overview and Level Annotations

Branches:
Dungeon (10/15)            Temple (0/1) D:7            Lair (1/6) D:10
    Orc (0/2) D:10        Ossuary (visited)

Altars:
Ashenzari
Dithmenos
Kikubaaqudgha
Nemelex Xobeh
Qazlal
Uskayaw
Vehumet
The Shining One

Shops:
D:5 !!   D:6 *=   D:7 *

Annotations:
D:9 2 transporters, DearestLeader's ghost, journeyman DsAK
D:10 3 runed translucent doors


Message History

* * * LOW HITPOINT WARNING * * *
The 17-headed hydra barely misses you.
The 17-headed hydra bites you but does no damage.
The 17-headed hydra bites you.
* * * LOW HITPOINT WARNING * * *
The 17-headed hydra bites you.
* * * LOW HITPOINT WARNING * * *
The 17-headed hydra bites you.
* * * LOW HITPOINT WARNING * * *
The 17-headed hydra bites you but does no damage. x3
The 17-headed hydra bites you!
* * * LOW HITPOINT WARNING * * *
Unknown command.
Unknown command.
Unknown command.
You lop one of the 17-headed hydra's heads off!
The 16-headed hydra grows two more!
You slash the 18-headed hydra!
The 18-headed hydra is severely wounded.
Unknown command.
Unknown command.
Unknown command.
Unknown command.
Unknown command.
Unknown command.
Unknown command.
You feel a strong urge to attack something.
You are no longer berserk.
You are exhausted.
You feel yourself slow down.
Your ogre goes berserk!
The 18-headed hydra bites you but does no damage.
The 18-headed hydra closely misses you. The 18-headed hydra bites you.
* * * LOW HITPOINT WARNING * * *
The 18-headed hydra bites you but does no damage.
The 18-headed hydra bites you.
* * * LOW HITPOINT WARNING * * *
The 18-headed hydra barely misses you.
The 18-headed hydra bites you but does no damage. x3
The 18-headed hydra bites you.
You die...

##.#....#.#..#.#........#
...###..###..###........#
..).....................#
...###..###..###......(.#
.....#..#....#.#.######.#
...###..###..#.#.# #.#
.................# #.#
...###..###))###.######.#
...#.#..#..)...#@.......#
...#.#..###..###D.O.....#
##......................#
#................>.....#
#......................#
#......................#
#......................#
#......)...............#
##......................#


You could see a 18-headed hydra (extremely poisoned, ally target) and a friendly
ogre (summoned, berserk).

Vanquished Creatures
  A two-headed ogre (D:10)
  Pikel (D:5)
  An unseen horror (D:10)
  2 trolls
  Prince Ribbit (D:7)
  A wraith (D:9)
  A wyvern (D:9)
  6 yaks (D:10)
  Eustachio (D:6)
  A steam dragon (D:10)
  A water moccasin (D:9)
  A hornet zombie (D:8)
  6 orc warriors
  An ice beast (D:8)
  A sky beast (D:8)
  2 ogres
  2 centaurs
  3 phantoms
  3 lemures (D:5)
  An elf zombie (Ossuary)
  4 kobold brigands
  5 bullfrogs
  3 scorpions
  3 killer bees (D:6)
  4 wights (D:5)
  3 howler monkeys
  A bullfrog zombie (D:5)
  12 orc priests
  6 centaur zombies
  A jelly (D:6)
  Crazy Yiuf (D:3)
  2 gnoll shamans
  A hound (D:5)
  Ijyb (D:3)
  2 iguanas
  10 orc wizards
  A killer bee zombie (D:9)
  2 ogre zombies (Ossuary)
  2 hound skeletons
  7 mummies (Ossuary)
  A howler monkey zombie (D:9)
  8 adders
  18 gnolls
  3 howler monkey skeletons
  A shadow imp (D:6)
  2 ufetubi (D:5)
  5 adder zombies (Ossuary)
  2 adder skeletons (D:4)
  2 worms (D:2)
  3 dart slugs
  36 orcs
  4 ball pythons
  5 bats
  5 endoplasms
  4 giant cockroaches
  5 goblins
  10 hobgoblins
  2 jackals (D:1)
  2 quokkas (D:4)
  3 frilled lizards
  5 goblin zombies
  6 hobgoblin zombies (Ossuary)
  19 kobolds
  3 kobold zombies (Ossuary)
  3 quokka zombies (Ossuary)
  12 rats
  4 rat zombies
281 creatures vanquished.

Vanquished Creatures (others)
  An orc wizard (D:8)
  5 plants (D:5)
6 creatures vanquished.

Grand Total: 287 creatures vanquished

Notes
Turn   | Place    | Note
-------+----------+-------------------------------------------
     0 | D:1      | Kinoniko the Hill Orc Berserker began the quest for the
                  | Orb.
     0 | D:1      | Reached XP level 1. HP: 19/19 MP: 1/1
   284 | D:1      | Reached XP level 2. HP: 26/26 MP: 2/2
   769 | D:1      | Reached skill level 5 in Axes
   769 | D:1      | Reached XP level 3. HP: 23/31 MP: 3/3
  1544 | D:2      | Reached ** piety under Trog
  1545 | D:2      | Reached XP level 4. HP: 27/39 MP: 4/4
  2252 | D:2      | Reached skill level 6 in Axes
  2984 | D:3      | Reached XP level 5. HP: 30/45 MP: 5/5
  3079 | D:3      | Found an ancient bone altar of Kikubaaqudgha.
  3106 | D:3      | Found a shadowy altar of Dithmenos.
  3321 | D:3      | Reached skill level 7 in Axes
  3502 | D:3      | Noticed Ijyb
  3516 | D:3      | Killed Ijyb
  3517 | D:3      | Reached XP level 6. HP: 51/51 MP: 6/6
  3622 | D:3      | You fall into a shaft and drop 3 floors!
  3641 | D:6      | Reached *** piety under Trog
  3642 | D:6      | Reached skill level 8 in Axes
  4058 | D:6      | Noticed a troll
  4072 | D:6      | Killed a troll
  4073 | D:6      | Reached skill level 9 in Axes
  4073 | D:6      | Reached skill level 5 in Armour
  4073 | D:6      | Reached XP level 7. HP: 49/57 MP: 7/7
  4439 | D:5      | Entered Level 5 of the Dungeon
  4472 | D:4      | Reached skill level 10 in Axes
  4472 | D:4      | Reached XP level 8. HP: 64/64 MP: 8/8
  4505 | D:4      | Found a sand-covered staircase.
  4514 | Ossuary  | Entered an ossuary
  5069 | Ossuary  | Reached **** piety under Trog
  5166 | Ossuary  | Reached skill level 11 in Axes
  5355 | D:3      | Found a radiant altar of Vehumet.
  5356 | D:3      | Found a broken altar of Ashenzari.
  5373 | D:3      | Noticed a +0 hand axe
  5373 | D:3      | Noticed a +0 hand axe
  5377 | D:3      | Found a hide-covered altar of Uskayaw.
  5548 | D:3      | Found a runed translucent door.
  5549 | D:3      | Noticed Crazy Yiuf
  5845 | D:3      | Killed Crazy Yiuf
  6809 | D:5      | Reached skill level 12 in Axes
  6894 | D:5      | Reached XP level 9. HP: 68/70 MP: 9/9
  6932 | D:5      | Noticed Pikel
  6957 | D:5      | Killed Pikel
  6958 | D:5      | Reached skill level 13 in Axes
  7137 | D:5      | Found Coineb's Distillery.
  7172 | D:5      | Bought a potion of heal wounds for 50 gold pieces
  7319 | D:5      | Found Xareoviy's Distillery.
  7325 | D:5      | Bought a potion of curing for 30 gold pieces
  7695 | D:6      | Noticed Eustachio
  7709 | D:6      | Killed Eustachio
  8023 | D:6      | Found Kamp's General Store.
  8360 | D:6      | Found Timutudo's Jewellery Boutique.
  8367 | D:6      | Reached skill level 14 in Axes
  8666 | D:7      | Found a staircase to the Ecumenical Temple.
  8756 | D:7      | Found a glowing golden altar of the Shining One.
  8988 | D:7      | Reached XP level 10. HP: 63/77 MP: 10/10
  9180 | D:7      | Found Alerosm's General Store.
  9252 | D:7      | Found a sparkling altar of Nemelex Xobeh.
  9253 | D:7      | Found a stormy altar of Qazlal.
  9268 | D:7      | Noticed Prince Ribbit
  9291 | D:7      | Killed Prince Ribbit
  9864 | D:8      | Reached ***** piety under Trog
  9865 | D:8      | Reached skill level 15 in Axes
 10977 | D:9      | Found a transporter.
 10978 | D:9      | Identified the +7 great mace of Spite {vorpal, rN++ MP+9
                  | Dex+7}
 10978 | D:9      | Noticed a two-headed ogre
 10978 | D:9      | Noticed DearestLeader's ghost (journeyman DsAK)
 10991 | D:9      | Found a transporter.
 11112 | D:10     | Entered Level 10 of the Dungeon
 11154 | D:10     | Reached skill level 10 in Armour
 11175 | D:10     | Noticed a two-headed ogre
 11283 | D:10     | Killed a two-headed ogre
 11284 | D:10     | Reached skill level 16 in Axes
 11607 | D:10     | Reached XP level 11. HP: 82/82 MP: 11/11
 11647 | D:10     | Found a staircase to the Lair.
 11698 | D:10     | Reached skill level 5 in Fighting
 12033 | D:10     | Found a staircase to the Orcish Mines.
 12074 | D:10     | Found a runed translucent gate.
 12074 | D:10     | Found a runed translucent gate.
 12074 | D:10     | Found a runed translucent gate.
 12674 | D:10     | Noticed a glowing orange brain
 12675 | D:10     | Noticed a brown ugly thing
 12675 | D:10     | Noticed a cyan ugly thing
 12675 | D:10     | Noticed a cyan ugly thing
 12729 | Lair:1   | Entered Level 1 of the Lair of Beasts
 12730 | Lair:1   | Noticed an eight-headed hydra
 12753 | D:10     | HP: 1/89 [18-headed hydra (5)]
 12753 | D:10     | Slain by an 18-headed hydra

Illustrated notes

Levels and vault maps discovered:
D:1:      dpeg_arrival_radiant, layout_loops_ring, corexii_hall_statues_x
D:2:      minmay_chambers_of_twos, layout_basic, chequers_serial_rivers_room_b,
          kennysheep_generic_room_10
D:3:      layout_loops_corners, dancing_weapons_uskayaw,
          overflow_temple_1_default, lemuel_tele_altar,
          gammafunk_temple_overflow_statue, uniq_crazy_yiuf_cottage, uniq_ijyb
D:4:      layout_basic, enter_ossuary_4, minmay_box_of_dots
D:5:      layout_cave_pools, serial_shops, kennysheep_little_box,
          nicolae_shop_crystal, lexackson_kobold_supper, uniq_pikel
D:6:      layout_rooms, serial_shops, shop, shop, grunt_ministairs_4,
          uniq_eustachio
D:7:      layout_rooms, mainiacjoe_overflow_tiny_flanked,
          gammafunk_temple_overflow_pools, minmay_temple_entry_wispy,
          serial_shops, nicolae_shop_temple_entry_statues_fountains,
          uniq_prince_ribbit1
D:8:      layout_cave_pools, serial_rivers, chequers_serial_rivers_large_a,
          chequers_serial_rivers_micro_a, chequers_serial_rivers_small_3,
          chequers_serial_rivers_large_b, chequers_serial_rivers_micro_d,
          nicolae_zen_rock_garden
D:9:      layout_roguey, gammafunk_ghost_smash
D:10:     layout_long_grid, lair_entry_dummy, david_orc_4,
          ploomutoo_gammafunk_ghost_potion_laboratory,
          minmay_misc_feat_nine_boxes
Lair:1:   layout_misc_corridors, lemuel_fruit_fields, uniq_gastronok

Skill      XL: |  1  2  3  4  5  6  7  8  9 10 11 |
---------------+----------------------------------+-----
Axes           | 5 6 7 9 10 12 14 16 | 16.5
Armour         | 3 4 5 7 9 10 | 10.9
Fighting       | 6 |  6.0
Dodging        | 2 |  2.7

Action                   |  1- 3 |  4- 6 |  7- 9 | 10-12 || total
-------------------------+-------+-------+-------+-------++-------
Melee: Hand axe          |    94 |   198 |   416 |   282 ||   990
Invok: Berserk           |     1 |     5 |     9 |    10 ||    25
       Brothers in Arms  |       |       |       |     2 ||     2
  Use: Scroll            |       |     1 |     9 |     4 ||    14
       Potion            |       |       |     1 |     1 ||     2
 Stab: Sleeping          |       |       |     1 |       ||     1
Armor: Ring mail         |    27 |    66 |    72 |       ||   165
       Animal skin       |     1 |       |       |       ||     1
       Plate armour      |       |       |    72 |   201 ||   273
Dodge: Dodged            |    67 |   133 |   137 |   102 ||   439
